General information
- name: BNet
- type: Ladder 1vs1/FFA
- host: Battle.net
- saver: mu.geN
map: LostTemple
- players: 2
- length: 20:03
- speed: Fast
- version: 1.24 W3XP
- replay type: Public
» download(54 KB)
Players
team 1 (winner)
mu.geN (
purple | 61 APM | 1219 actions | 20:03)
4 Archmage
2 Blizzard
2 Brilliance Aura
2 Blood Mage
1 Flame Strike
1 Banish
2 Mountain King
1 Storm Bolt
1 Thunder Clap
» actions
| Assign group hotkey | 40 | |
| Basic commands | 45 | |
| Build / train | 94 | |
| Enter build submenu | 45 | |
| Enter hero's abilities submenu | 9 | |
| Give item / drop item | 4 | |
| Right click | 421 | |
| Select / deselect | 271 | |
| Select group hotkey | 178 | |
| Use ability | 112 | |
1219 total
» units
| Peasant | 28 | |
| Gryphon Rider | 5 | |
| Sorceress | 2 | |
| Goblin Zeppelin | 1 | |
36 total
» upgrades
| Masonry | 3 | |
| Swords | 3 | |
| Armor | 3 | |
| Lumber Harvesting | 2 | |
| Magic Sentry | 1 | |
| Sorceress Training | 2 | |
| Storm Hammers | 1 | |
15 total
» buildings
| Altar of Kings | 1 | |
| Arcane Vault | 1 | |
| Farm | 11 | |
| Lumber Mill | 1 | |
| Scout Tower | 32 | |
| Arcane Tower | 4 | |
| Town Hall | 1 | |
| Guard Tower | 13 | |
| Blacksmith | 2 | |
| Keep | 1 | |
| Gryphon Aviary | 3 | |
| Castle | 1 | |
| Arcane Sanctum | 1 | |
| Barracks | 1 | |
| Workshop | 2 | |
75 total
» build order
00:05 Altar of Kings
00:24 Arcane Vault
00:31 Farm
01:12 Farm
01:21 Lumber Mill
01:34 Scout Tower
02:27 Arcane Tower
02:30 Farm
02:36 Scout Tower
02:42 Scout Tower
02:45 Farm
03:20 Arcane Tower
03:39 Scout Tower
03:41 Scout Tower
03:44 Scout Tower
03:44 Scout Tower
03:45 Scout Tower
03:45 Scout Tower
03:46 Scout Tower
04:19 Town Hall
04:22 Scout Tower
04:26 Scout Tower
04:27 Scout Tower
04:45 Scout Tower
04:48 Scout Tower
04:48 Scout Tower
05:30 Arcane Tower
05:38 Arcane Tower
05:39 Guard Tower
06:07 Guard Tower
06:09 Guard Tower
06:17 Guard Tower
06:39 Scout Tower
06:40 Scout Tower
06:42 Scout Tower
06:42 Scout Tower
06:46 Guard Tower
06:49 Scout Tower
06:50 Scout Tower
06:52 Scout Tower
06:55 Blacksmith
06:57 Scout Tower
06:58 Scout Tower
07:08 Farm
07:29 Keep
07:30 Guard Tower
07:34 Guard Tower
07:55 Guard Tower
08:45 Blacksmith
08:49 Guard Tower
08:51 Guard Tower
08:55 Scout Tower
08:56 Scout Tower
08:58 Scout Tower
08:59 Scout Tower
09:50 Farm
09:52 Gryphon Aviary
09:52 Gryphon Aviary
10:07 Guard Tower
10:20 Castle
10:22 Gryphon Aviary
10:30 Arcane Sanctum
11:03 Farm
11:04 Farm
11:04 Farm
11:05 Farm
11:09 Scout Tower
11:09 Scout Tower
12:01 Guard Tower
12:24 Scout Tower
13:22 Farm
13:33 Guard Tower
18:33 Barracks
19:21 Workshop
19:21 Workshop
» items
| Mechanical Critter | 1 | |
| Scroll of Regeneration | 4 | |
| Lesser Clarity Potion | 2 | |
| Staff of Sanctuary | 1 | |
| Scroll of Town Portal | 1 | |
| Orb of Fire | 1 | |
| Boots of Speed | 1 | |
| Staff of Teleportation | 1 | |
| Periapt of Vitality | 1 | |
13 total
team 2 (loser)

»
Tha_JOKER (
yellow | 32 APM | 633 actions | 20:02)
4 Blademaster
2 Critical Strike
2 Wind Walk
» actions
| Basic commands | 1 | |
| Build / train | 68 | |
| Enter build submenu | 18 | |
| Enter hero's abilities submenu | 4 | |
| Remove unit from queue | 3 | |
| Right click | 242 | |
| Select / deselect | 259 | |
| Use ability | 38 | |
633 total
» units
| Peon | 22 | |
| Grunt | 3 | |
| Troll Headhunter/Berserker | 2 | |
| Raider | 6 | |
| Kodo Beast | 1 | |
| Shaman | 1 | |
| Troll Batrider | 5 | |
40 total
» upgrades
| Spiked Barricades | 1 | |
| Ranged Weapons | 2 | |
| Pillage | 1 | |
| Troll Regeneration | 1 | |
| Berserker Strength | 1 | |
| Ensnare | 1 | |
| Melee Weapons | 3 | |
| War Drums Damage Increase | 1 | |
| Berserker Upgrade | 1 | |
| Shaman Training | 1 | |
| Armor | 1 | |
| Reinforced Defenses | 1 | |
15 total
» buildings
| Orc Burrow | 7 | |
| Altar of Storms | 1 | |
| Barracks | 1 | |
| War Mill | 2 | |
| Voodoo Lounge | 1 | |
| Stronghold | 1 | |
| Beastiary | 1 | |
| Spirit Lodge | 1 | |
| Fortress | 1 | |
| Watch Tower | 2 | |
18 total
» build order
00:07 Orc Burrow
00:09 Altar of Storms
00:47 Orc Burrow
01:29 Barracks
01:51 Orc Burrow
02:37 War Mill
02:47 Voodoo Lounge
04:30 Stronghold
05:56 Orc Burrow
05:59 Orc Burrow
07:14 Orc Burrow
07:25 Beastiary
07:32 Spirit Lodge
10:04 Fortress
12:41 War Mill
16:16 Watch Tower
16:22 Watch Tower
18:17 Orc Burrow
» items
| Healing Salve | 1 | |
| Tiny Great Hall | 1 | |
| Orb of Lightning | 1 | |
3 total
Chat log
(00:22 / All) Tha_JOKER: sup